 Dungeon Sprint DCSS version 0.24.0-1-gfbc8707 (webtiles) character file.

Game seed: 14292746886237940336, levelgen mode: deterministic

5000000 Fang the Conqueror (level 25, -37/234 HPs)
             Began as a Demonspawn Gladiator on Oct 25, 2019.
             Was the Champion of Makhleb.
             Annihilated by a destroyer
             ... wielding a +9 great sword of slicing
              (55 damage)
             ... in the Dungeon (Sprint VIII: "Arena of Blood").
             The game lasted 00:01:03 (50 turns).

Fang the Conqueror (Demonspawn Gladiator)             Turns: 50, Time: 00:01:03

Health: -37/234    AC: 12    Str: 23    XL:     25   Next: 44%
Magic:  27/54      EV: 32    Int: 12    God:    Makhleb [******]
Gold:   0          SH:  0    Dex: 16    Spells: 78/78 levels left

rFire    + + .     SeeInvis .   l - +∞ Axe of Woe
rCold    . . .     Gourm    .   (shield currently unavailable)
rNeg     . . .     Faith    .   b - +0 leather armour
rPois    .         Spirit   .   c - +0 helmet
rElec    .         Reflect  .   (no cloak)
rCorr    .         Harm     .   (no gloves)
MR       +....     NoTele   +   (boots unavailable)
Stlth    +++++++++.             (no amulet)
HPRegen  0.49/turn              (no ring)
MPRegen  0.34/turn              (no ring)

@: no status effects
A: talons 3, molten scales 3, demonic guardian 3, fire resistance 1, ignite
blood, augmentation 3, flame cloud immunity
a: Minor Destruction, Lesser Servant of Makhleb, Major Destruction, Greater
Servant of Makhleb, Renounce Religion


You were in the Dungeon.
You worshipped Makhleb.
Makhleb was exalted by your worship.
You were not hungry.

You visited 1 branch

Inventory:

Hand Weapons
 a - a +0 war axe
 l - the +∞ Axe of Woe (weapon)
   (You found it in the Dungeon)
Missiles
 d - 3 throwing nets (quivered)
Armour
 b - a +0 leather armour (worn)
 c - a +0 helmet (worn)
Scrolls
 k - a scroll of blinking
Potions
 e - a potion of curing
 g - a potion of heal wounds
 h - a potion of haste
 i - 2 potions of magic
 j - a potion of berserk rage
Comestibles
 f - a ration


   Skills:
 O Level 27 Fighting
 O Level 27 Axes
 O Level 27 Throwing
 O Level 27 Armour
 O Level 27 Dodging
 O Level 27 Stealth
 O Level 27 Unarmed Combat
 O Level 27 Spellcasting
 O Level 27 Invocations


You had 78 spell levels left.
You didn't know any spells.
Your spell library was empty.

Dungeon Overview and Level Annotations

Branches:
Dungeon (1/1)

Altars:
Makhleb


Innate Abilities, Weirdness & Mutations

You have claws for feet.
You are completely covered in molten scales. (AC +4, rF+)
A powerful demonic guardian rushes to your aid.
Your flesh is heat resistant. (rF+)
Your demonic aura causes spilled blood to erupt in flames.
Your magical and physical power is greatly enhanced at high health.
You are immune to clouds of flame.


Message History

The tyrant appears out of thin air!
A tyrant comes into view.
The tyrant shouts!
You hear a shout! x3
The tyrant casts a spell.
You hear a shout! x2
Your ice devil hits the destroyer!
Your ice devil freezes the destroyer.
The destroyer resists.
You hear a shout!
The destroyer is engulfed in blazing flames.
The destroyer blinks!
You hear a shout! x4
A bag of meat comes into view. It is wielding a +9 war axe.
You hear a shout! x5
The destroyer blinks!
You hear a shout! x3
The destroyer is engulfed in blazing flames.
The destroyer hits you with a +9 great sword of slicing!!!!!
Ouch! That really hurt!
* * * LOW HITPOINT WARNING * * *
You die...

....... .......
......... #......
#.......# ...#...
#.......#
#..V...###..L. ..###.
...°...o....###......
....#V☼§§%z.x_......
..#...V)§§#V....#
.o....V@4§#_)<._#
..#§.X.§)○#)....#..
....#X.L§)Vx)_......
....X....)))###......
.%.....###)))....###.
.....XX #.....L.#
....... #.......#
#...... ..........
#.#.. ..§....§...


You could see 2 tentacled monstrosities, 2 tyrants, 5 destroyers, a sculptor of
flesh, 3 large abominations, a small abomination, 2 bags of meat, a crawling
corpse and a friendly ice devil.

Vanquished Creatures
  7 vampire knights (D)
  6 ogres (D)
  A two-headed ogre (D)
  29 orcs (D)
  3 skeletal warriors (D)
  3 large abominations (D)
  4 small abominations (D)
  3 crawling corpses (D)
56 creatures vanquished.

Notes
Turn   | Place    | Note
-------+----------+-------------------------------------------
     0 | D        | Found the +∞ Axe of Woe
     0 | D        | Fang the Demonspawn Gladiator began the quest for the Orb.
     0 | D        | Reached XP level 1. HP: 16/16 MP: 1/1
     4 | D        | Became a worshipper of Makhleb the Destroyer
     5 | D        | Noticed a bag of meat
     7 | D        | Noticed a meat berserker
     8 | D        | Noticed a meat berserker
     8 | D        | Noticed a bag of meat
    11 | D        | Noticed a bag of meat
    11 | D        | Killed a meat berserker
    11 | D        | Reached skill level 15 in Axes
    11 | D        | Reached skill level 15 in Throwing
    11 | D        | Reached skill level 15 in Dodging
    11 | D        | Gained mutation: A weak demonic guardian rushes to your
                  | aid. [demonic ancestry]
    11 | D        | Reached XP level 2. HP: 46/46 MP: 2/2
    11 | D        | Reached XP level 3. HP: 52/52 MP: 3/3
    11 | D        | Reached XP level 4. HP: 59/59 MP: 4/4
    11 | D        | Gained mutation: You are partially covered in molten
                  | scales. (AC +2) [demonic ancestry]
    11 | D        | Reached XP level 5. HP: 66/66 MP: 5/5
    11 | D        | Reached XP level 6. HP: 73/73 MP: 6/6
    11 | D        | Gained mutation: Your flesh is heat resistant. (rF+)
                  | [demonic ancestry]
    11 | D        | Reached XP level 7. HP: 79/79 MP: 7/7
    11 | D        | Gained mutation: You are immune to clouds of flame.
                  | [demonic ancestry]
    11 | D        | Reached XP level 8. HP: 86/86 MP: 8/8
    11 | D        | Reached XP level 9. HP: 92/92 MP: 9/9
    11 | D        | Gained mutation: You have sharp toenails. [demonic
                  | ancestry]
    11 | D        | Reached XP level 10. HP: 100/100 MP: 10/10
    11 | D        | Gained mutation: You are mostly covered in molten scales.
                  | (AC +3) [demonic ancestry]
    11 | D        | Reached XP level 11. HP: 106/106 MP: 11/11
    11 | D        | Reached XP level 12. HP: 113/113 MP: 12/12
    11 | D        | Gained mutation: A demonic guardian rushes to your aid.
                  | [demonic ancestry]
    11 | D        | Reached XP level 13. HP: 119/119 MP: 13/13
    11 | D        | Killed a meat berserker
    11 | D        | Reached * piety under Makhleb
    11 | D        | Reached XP level 14. HP: 133/133 MP: 14/14
    12 | D        | Noticed a meat berserker
    12 | D        | Noticed a bag of meat
    12 | D        | Noticed a bag of meat
    12 | D        | Noticed a bag of meat
    13 | D        | Killed a bag of meat
    13 | D        | Noticed a bag of meat
    13 | D        | Noticed a bag of meat
    14 | D        | Killed a meat berserker
    14 | D        | Gained mutation: Your magical and physical power is
                  | slightly enhanced at high health. [demonic ancestry]
    14 | D        | Reached XP level 15. HP: 130/146 MP: 15/15
    14 | D        | Noticed a meat berserker
    15 | D        | Reached ** piety under Makhleb
    16 | D        | Noticed a meat berserker
    17 | D        | Gained mutation: Your magical and physical power is
                  | enhanced at high health. [demonic ancestry]
    17 | D        | Reached XP level 16. HP: 157/157 MP: 16/16
    18 | D        | Reached *** piety under Makhleb
    18 | D        | Noticed a destroyer
    19 | D        | Reached XP level 17. HP: 169/169 MP: 17/17
    19 | D        | Reached **** piety under Makhleb
    20 | D        | Killed a meat berserker
    20 | D        | Reached skill level 27 in Fighting
    20 | D        | Reached XP level 18. HP: 182/182 MP: 18/18
    21 | D        | Killed a meat berserker
    21 | D        | Reached skill level 27 in Axes
    21 | D        | Reached skill level 27 in Throwing
    21 | D        | Reached skill level 27 in Dodging
    21 | D        | Reached ***** piety under Makhleb
    21 | D        | Gained mutation: You have razor-sharp toenails. [demonic
                  | ancestry]
    21 | D        | Reached XP level 19. HP: 189/189 MP: 19/19
    23 | D        | Reached skill level 27 in Unarmed Combat
    23 | D        | Reached skill level 15 in Armour
    24 | D        | Noticed a destroyer
    25 | D        | Killed a destroyer
    25 | D        | Gained mutation: You have claws for feet. [demonic
                  | ancestry]
    25 | D        | Reached XP level 20. HP: 197/197 MP: 20/20
    25 | D        | Reached skill level 27 in Armour
    26 | D        | Noticed a large bag of meat
    27 | D        | Killed a destroyer
    27 | D        | Gained mutation: Your magical and physical power is greatly
                  | enhanced at high health. [demonic ancestry]
    27 | D        | Reached XP level 21. HP: 204/204 MP: 21/21
    27 | D        | Reached ****** piety under Makhleb
    27 | D        | Reached skill level 27 in Stealth
    28 | D        | Noticed a destroyer
    29 | D        | Reached skill level 15 in Spellcasting
    30 | D        | Reached skill level 27 in Invocations
    30 | D        | Reached XP level 22. HP: 212/212 MP: 21/47
    30 | D        | Noticed a destroyer
    31 | D        | Killed a destroyer
    31 | D        | Reached skill level 27 in Spellcasting
    32 | D        | Noticed a destroyer
    34 | D        | Gained mutation: Your demonic aura causes spilled blood to
                  | erupt in flames. [demonic ancestry]
    34 | D        | Reached XP level 23. HP: 219/219 MP: 22/54
    35 | D        | Killed a destroyer
    35 | D        | Noticed a destroyer
    38 | D        | Killed a destroyer
    40 | D        | Noticed a destroyer
    41 | D        | Killed a destroyer
    41 | D        | Gained mutation: You are completely covered in molten
                  | scales. (AC +4, rF+) [demonic ancestry]
    41 | D        | Reached XP level 24. HP: 227/227 MP: 24/54
    43 | D        | Noticed a destroyer
    44 | D        | Noticed a destroyer
    45 | D        | Killed a large bag of meat
    45 | D        | Noticed a tyrant
    46 | D        | Noticed a destroyer
    46 | D        | Noticed a tyrant
    46 | D        | Noticed a destroyer
    47 | D        | Gained mutation: A powerful demonic guardian rushes to your
                  | aid. [demonic ancestry]
    47 | D        | Reached XP level 25. HP: 197/234 MP: 26/54
    48 | D        | Noticed a destroyer
    48 | D        | Noticed a tyrant
    49 | D        | Killed a destroyer
    49 | D        | Noticed a tyrant
    50 | D        | Annihilated by a destroyer

Levels and vault maps discovered:
D:        meatsprint

Skill      XL: |  1  2  3  4  5  6  7  8  9 10 11 12 13 14 15 16 17 18 19 20 21 22 |
---------------+-------------------------------------------------------------------+-----
Fighting       | 16 19 22 23 25 27 | 27.0
Axes           | 15 18 20 22 23 26 27 | 27.0
Throwing       | 15 18 20 22 23 26 27 | 27.0
Dodging        | 15 18 20 22 23 26 27 | 27.0
Unarmed Combat | 21 27 | 27.0
Armour         | 24 27 | 27.0
Stealth        | 23 27 | 27.0
Spellcasting   | 21 27 | 27.0
Invocations    | 27 | 27.0

Action                   |  1- 3 |  4- 6 |  7- 9 | 10-12 | 13-15 | 16-18 | 19-21 | 22-24 | 25-27 || total
-------------------------+-------+-------+-------+-------+-------+-------+-------+-------+-------++-------
Melee: Executioner's axe |     1 |       |       |       |     4 |     4 |     6 |    13 |     1 ||    29
Dodge: Dodged            |       |       |       |       |       |       |       |     2 |       ||     2
